AoeStats
← Nou Mene

Arabia

510015326Analyzed
2v2 RM · 3d ago on Sep 29, 2026· 39m 32s· 4 players
Game mode
Random Map
Map size
Medium (4 player)
Population
200
Speed
Normal
Resources
Standard
Victory
Conquest
Starting age
Dark Age
Ending age
Imperial Age
RankedLock teamsTeams togetherTeam positionsShared explorationLock speedFull tech treeHidden civsTurbo modeCheats
Victory
Defeat
1074
+15
🇺🇸 Vietnamese · United States
887
+23
🇨🇱 Franks · Chile
1078
-20
🇨🇱 Magyars · Chile
1015
-18
youtube.com/@Murkwilect
5:05 Loom
27:47 Feudal Age
29:57 Wheelbarrow
34:44 Castle Age
36:00 Gold Mining
35:58 Double-Bit Axe
35:56 Horse Collar
36:34 Scale Barding Armor
37:51 Bloodlines
38:08 Bow Saw
Maximo Cossetti
9:20 Feudal Age
9:36 Loom
9:59 Double-Bit Axe
20:09 Castle Age
20:54 Wheelbarrow
21:06 Bow Saw
21:21 Horse Collar
24:06 Wheelbarrow
23:57 Heavy Plow
25:01 Forging
24:51 Scale Mail Armor
27:39 Iron Casting
27:05 Scale Mail Armor
29:13 Hand Cart
30:08 Elite Skirmisher
38:54 Ballistics
38:45 Fortified Wall
39:09 Fletching
39:20 Padded Archer Armor
yerkez
6:37 Loom
9:22 Feudal Age
16:36 Fletching
26:03 Castle Age
35:05 Castle Age
39:06 Double-Bit Axe
Nou Mene
10:39 Feudal Age
11:37 Double-Bit Axe
12:18 Loom
18:12 Horse Collar
22:34 Bloodlines
25:33 Castle Age
26:25 Gold Mining
27:10 Husbandry
28:31 Fletching
29:39 Bodkin Arrow
33:02 Padded Archer Armor
33:11 Scale Barding Armor
34:02 Gold Shaft Mining
37:40 Chain Barding Armor
Connection lost

Rejoining the realm…

Still unreachable

The connection could not be restored.

Session expired

The server has moved on; the page needs a fresh start.